Map: Oxide LE

Players

ArT

  • Race: Protoss Protoss

Lambo - Winner!

  • Race: Zerg Zerg
  • League: Grandmaster

Event: DreamHack SC2 Masters 2021 Summer

VOD

Have the link to the VOD?

Description

Time

  • Played on: May 22, 2021, 10:25 a.m.
  • Length: 7:37

All games in this series

Show
View Real Time Build Order
Export as new Build Order

ArT Protoss 

Build Orders: 1 Gate Expand, Oracle Opening 

Get SALT Encoding   

  12  0:00  Probe  
  13  0:12  Probe  
  14  0:19  Pylon  
  14  0:25  Probe  
  15  0:37  Probe (Chrono Boost)  
  15  0:42  Gateway  
  16  0:46  Probe (Chrono Boost)  
  16  0:49  Assimilator  
  17  0:51  Probe (Chrono Boost)  
  18  1:03  Probe  
  19  1:15  Probe  
  20  1:25  Nexus  
  20  1:35  Cybernetics Core  
  20  1:39  Probe  
  21  1:43  Assimilator  
  21  1:51  Probe  
  22  1:54  Pylon  
  22  2:03  Probe  
  23  2:09  Adept (Chrono Boost)  
  23  2:15  Probe  
  26  2:18  Stargate  
  26  2:26  Warp Gate  
  26  2:28  Probe (Chrono Boost)  
  27  2:32  Adept  
  29  2:38  Probe (Chrono Boost)  
  30  2:45  Probe (Chrono Boost)  
  30  2:47  Probe (Chrono Boost)  
  31  2:52  Probe (Chrono Boost)  
  31  2:54  Probe, Void Ray (Chrono Boost)  
  33  3:04  Probe  
  38  3:06  Probe  
  39  3:13  Pylon  
  39  3:16  Probe  
  39  3:19  Probe  
  41  3:24  Gateway  
  41  3:27  Oracle (Chrono Boost)  
  41  3:28  Probe  
  41  3:31  Probe  
  46  3:34  Pylon  
  46  3:40  Probe  
  47  3:43  Probe  
  48  3:52  Probe, Assimilator  
  48  3:55  Assimilator  
  49  3:56  Probe, Oracle (Chrono Boost)  
  53  4:10  Probe x2, Nexus  
  55  4:22  Probe  
  56  4:25  Probe, Robotics Facility  
  56  4:26  Pylon  
  57  4:37  Probe x2 (Chrono Boost)  
  56  4:40  Forge  
  56  4:42  Twilight Council  
  56  4:48  Probe (Chrono Boost), Pylon  
  56  4:51  Probe (Chrono Boost)  
  58  4:53  Probe (Chrono Boost)  
  58  4:55  Sentry x2  
  58  4:59  Probe  
  64  5:03  Probe, Pylon  
  65  5:07  Gateway  
  65  5:09  Shield Battery  
  65  5:11  Probe  
  65  5:12  Immortal (Chrono Boost)  
  66  5:15  Probe  
  66  5:19  Gateway  
  71  5:24  Sentry x2  
  71  5:25  Probe  
  71  5:26  Probe  
  77  5:29  Probe  
  77  5:34  Charge  
  78  5:39  Gateway  
  78  5:43  Gateway  
  80  5:51  Shield Battery  
  80  5:54  Shield Battery x2  
  80  5:55  Shield Battery  
  78  5:57  Pylon  
  78  6:02  Sentry x2  
  82  6:08  Immortal (Chrono Boost)  
  82  6:10  Zealot  
  88  6:17  Zealot  
  90  6:18  Gateway  
  90  6:23  Probe  
  91  6:26  Zealot x2  
  91  6:29  Pylon  
  91  6:31  Templar Archives  
  95  6:36  Zealot x2  
  93  6:43  Immortal (Chrono Boost)  
  93  6:45  Zealot x2  
  94  6:53  Zealot x2  
  90  7:00  Zealot x2  
  86  7:02  Shield Battery  
  86  7:03  Shield Battery  
  86  7:06  Zealot x2  
  86  7:07  Probe x2  
  79  7:16  Zealot  
  74  7:23  Zealot x2  
  74  7:28  Zealot x2  
Show
View Real Time Build Order
Export as new Build Order

Lambo Zerg - Winner!

Build Orders: Hatch First 

Get SALT Encoding   

  12  0:00  Drone  
  13  0:12  Overlord  
  13  0:17  Drone  
  14  0:31  Drone x2  
  16  0:47  Hatchery  
  15  0:51  Drone  
  15  0:54  Drone  
  17  0:58  Drone  
  18  1:07  Extractor  
  17  1:13  Spawning Pool  
  17  1:16  Drone  
  17  1:19  Drone  
  18  1:27  Drone  
  19  1:38  Drone  
  20  1:49  Drone  
  21  1:59  Queen x2  
  21  2:00  Zergling x2, Overlord  
  26  2:11  Zergling x2  
  26  2:12  Drone  
  26  2:14  Metabolic Boost  
  28  2:20  Drone  
  28  2:21  Drone  
  30  2:35  Hatchery, Drone  
  30  2:43  Drone  
  31  2:44  Drone  
  31  2:45  Overlord  
  31  2:51  Queen  
  32  2:55  Drone  
  32  2:58  Drone  
  36  3:02  Queen  
  38  3:06  Overlord  
  38  3:10  Drone  
  38  3:11  Drone  
  40  3:13  Drone  
  40  3:19  Overlord  
  41  3:21  Drone x2  
  41  3:26  Drone  
  44  3:28  Queen  
  44  3:33  Drone  
  47  3:37  Drone  
  48  3:45  Drone  
  48  3:46  Queen  
  51  3:49  Drone x2  
  51  3:51  Zergling x2  
  51  3:52  Zergling x4, Spore Crawler  
  51  3:53  Drone  
  56  3:58  Overlord  
  56  3:59  Drone x2  
  58  4:11  Overlord  
  58  4:16  Overlord  
  58  4:19  Drone x5  
  58  4:20  Drone x3  
  66  4:27  Lair  
  66  4:29  Drone, Roach Warren  
  66  4:30  Extractor  
  66  4:31  Drone x2, Extractor  
  63  4:34  Drone  
  63  4:35  Drone  
  63  4:37  Drone x2  
  68  4:39  Drone  
  68  4:42  Drone x2  
  68  4:44  Drone  
  72  4:46  Drone  
  72  4:48  Drone  
  72  4:49  Drone  
  75  4:54  Queen  
  75  4:55  Drone x2  
  75  4:59  Extractor  
  78  5:00  Spore Crawler  
  78  5:01  Extractor, Overlord  
  78  5:02  Spore Crawler  
  75  5:08  Overlord  
  75  5:09  Roach x3  
  75  5:12  Overlord  
  81  5:17  Overlord  
  81  5:21  Overlord  
  81  5:24  Overlord  
  81  5:26  Roach x2  
  81  5:27  Roach  
  86  5:29  Overlord  
  86  5:32  Overlord  
  86  5:38  Roach x2  
  86  5:42  Roach x2  
  94  5:44  Roach  
  96  5:52  Ravager x5  
  96  5:53  Zergling x6  
  96  5:56  Ravager  
  105  5:58  Zergling x4  
  105  6:00  Zergling x2  
  108  6:04  Zergling x6  
  108  6:06  Ravager x2  
  108  6:08  Zergling x2  
  108  6:11  Zergling x4  
  116  6:15  Zergling x6  
  116  6:16  Ravager x2  
  116  6:18  Zergling x4  
  123  6:22  Ravager  
  123  6:23  Overlord  
  123  6:24  Zergling x4  
  126  6:28  Overlord  
  126  6:30  Roach x2  
  130  6:38  Zergling x8  
  126  6:49  Roach x4  
  126  6:52  Roach  
  126  6:57  Roach  
  126  6:58  Roach x4  
  134  7:04  Roach x3  
  137  7:08  Roach  
  137  7:09  Roach  
  139  7:16  Roach x2  
  136  7:27  Ravager x2  
Tags
 
Add a new tag
Caveats
  • Supply blocks, unpowered buildings, or Contaminate may cause inaccurate times.
  • Supply counts are checked every 10 seconds.